AoeStats
← Juanfreelance

Oasis

508080762Analyzed
2v2 RM · 12d ago on Sep 20, 2026· 44m 36s· 4 players
Game mode
Random Map
Map size
Medium (4 player)
Population
200
Speed
Normal
Resources
Standard
Victory
Conquest
Starting age
Dark Age
Ending age
Imperial Age
RankedLock teamsTeams togetherTeam positionsShared explorationLock speedFull tech treeHidden civsTurbo modeCheats
Victory
Defeat
🇵🇦 Persians · Panama
1228
+14
🇺🇸 Vietnamese · United States
1175
+16
🇦🇷 Koreans · Argentina
1178
-15
🇦🇷 Armenians · Argentina
1175
-15
Sanzy
8:48 Loom
10:59 Feudal Age
11:33 Loom
15:01 Castle Age
13:06 Double-Bit Axe
14:24 Gold Mining
22:01 Fletching
26:21 Padded Archer Armor
26:32 Herbal Medicine
27:20 Fortified Wall
28:54 Wheelbarrow
28:36 Town Watch
30:35 Horse Collar
31:07 Bow Saw
34:42 Imperial Age
32:50 Bodkin Arrow
33:18 Ballistics
33:42 Hand Cart
33:56 Leather Archer Armor
34:14 Heavy Plow
34:53 Forging
34:47 Squires
36:08 Paper Money
35:48 Capped Ram
36:44 Bracer
38:00 Ring Archer Armor
37:37 Thumb Ring
38:37 Elite Rattan Archer
40:30 Siege Engineers
43:04 Caravan
43:52 Crop Rotation
44:24 Two-Man Saw
43:53 Arson
44:10 Scale Mail Armor
44:46 Iron Casting
43:58 Elite Fire Lancer
Juanfreelance
6:37 Loom
9:20 Feudal Age
9:49 Double-Bit Axe
9:44 Horse Collar
14:22 Wheelbarrow
21:20 Castle Age
19:28 Gold Mining
19:51 Forging
19:46 Scale Barding Armor
20:30 Bloodlines
22:14 Chain Barding Armor
22:50 Husbandry
23:33 Bow Saw
23:47 Heavy Plow
26:56 Iron Casting
28:43 Hand Cart
33:59 Town Watch
37:30 Imperial Age
35:35 Town Patrol
37:09 Cavalier
38:53 Blast Furnace
38:28 Plate Barding Armor
38:16 Conscription
39:09 Two-Man Saw
38:41 Crop Rotation
38:51 Gold Shaft Mining
38:09 Light Cavalry
38:31 Savar
40:32 Hussar
44:20 Fletching
45:35 Chemistry
44:55 Ballistics
alabardero_
4:50 Loom
10:33 Feudal Age
11:25 Double-Bit Axe
12:34 Town Watch
17:12 Stone Mining
22:15 Castle Age
20:28 Fletching
21:14 Gold Mining
23:39 Bow Saw
23:11 Horse Collar
25:03 Wheelbarrow
24:45 Bodkin Arrow
29:01 Hand Cart
34:04 Ballistics
38:02 Imperial Age
36:03 Thumb Ring
38:40 Elite War Wagon
39:34 Forging
39:48 Scale Barding Armor
41:41 Conscription
Leonagro de Asedio
3:18 Loom
9:55 Feudal Age
10:51 Double-Bit Axe
19:20 Wheelbarrow
19:15 Horse Collar
23:21 Castle Age
21:49 Town Watch
22:13 Gold Mining
22:17 Stone Mining
22:05 Man-at-Arms
23:12 Scale Mail Armor
23:24 Long Swordsman
24:53 Bow Saw
27:29 Gold Shaft Mining
26:53 Pikeman
28:21 Squires
28:39 Chain Mail Armor
28:35 Forging
28:56 Heavy Plow
31:12 Forging
32:43 Two-Handed Swordsman
33:08 Gambesons
33:28 Gambesons
37:39 Imperial Age
35:24 Arson
37:13 Champion
38:40 Champion
38:56 Capped Ram
40:00 Scale Barding Armor
40:30 Iron Casting
40:55 Halberdier
44:11 Halberdier
Connection lost

Rejoining the realm…

Still unreachable

The connection could not be restored.

Session expired

The server has moved on; the page needs a fresh start.